PAA
SPRINGFIELD SHOOTERS @ MERCER ISLAND SCREAMING EAGLES
06/23/2021
 
TOP OF THE 1ST
Springfield Shooters batting - Pitching for Mercer Island Screaming Eagles : RHP Marcos López
Pitching: RHP Marcos López
Batting: SHB Albert Santos 0-0: Ball
1-0: Ball
2-0: Called Strike
2-1: Fly out, F5 (Popup, 5SF)
Batting: RHB Ethan Miller 0-0: Fly out, F7 (Flyball, 7M)
Batting: RHB José López 0-0: Ball
1-0: Foul Ball, location: 2F
1-1: Ball
2-1: Swinging Strike
2-2: Foul Ball, location: 2F
2-2: Foul Ball, location: 2F
2-2: Ball
3-2: Base on Balls
Batting: RHB Darrell Terwey 0-0: Called Strike
0-1: Ball
1-1: Ball
2-1: Foul Ball, location: 2F
2-2: Fly out, F7 (Flyball, 78S)
Top of the 1st over - 0 run(s), 0 hit(s), 0 error(s), 1 left on base; Springfield 0 - Mercer Island 0
BOTTOM OF THE 1ST
Mercer Island Screaming Eagles batting - Pitching for Springfield Shooters : RHP Ken Hughes
Pitching: RHP Ken Hughes
Batting: LHB Nelson Plasenia 0-0: Swinging Strike
0-1: Called Strike
0-2: Ball
1-2: Ball
2-2: SINGLE (Line Drive, 9LS)
Batting: SHB José Salazar 0-0: Called Strike
0-1: Foul Ball, location: 2F
0-2: SINGLE (Groundball, 5)
Nelson Plasenia to second
Batting: SHB Ray Davis 0-0: Fielders Choice at 2nd, 3-6 (Groundball, 3)
Nelson Plasenia to third
Batting: RHB Luis Antonio Hernández 0-0: Called Strike
0-1: Called Strike
0-2: 3-RUN HOME RUN (Flyball, 8LXD), Distance : 436 ft
Batting: RHB Enrique Echevarría 0-0: Ball
1-0: Swinging Strike
1-1: Ball
2-1: Ball
3-1: Base on Balls
Batting: SHB Miguel Pérez 0-0: Fielders Choice at 2nd, 6-4 (Groundball, 6M)
Batting: RHB Randy Rehling 0-0: Ball
1-0: Ball
2-0: Foul Ball, location: 2F
2-1: Foul Ball, location: 2F
2-2: Fielders Choice at 2nd, 6-4 (Groundball, 56)
Bottom of the 1st over - 3 run(s), 3 hit(s), 0 error(s), 0 left on base; Springfield 0 - Mercer Island 3
TOP OF THE 2ND
Springfield Shooters batting - Pitching for Mercer Island Screaming Eagles : RHP Marcos López
Batting: SHB Juan Gil 0-0: Called Strike
0-1: Foul Ball, location: 2F
0-2: Ball
1-2: Ball
2-2: SOLO HOME RUN (Flyball, 9D), Distance : 392 ft
Batting: LHB Carl Pierce 0-0: Ball
1-0: Fly out, F6 (Line Drive, 6)
Batting: SHB Adrián Pueblo 0-0: Ground out 6-3 (Groundball, 6)
Batting: LHB Carlton Little 0-0: Swinging Strike
0-1: Ball
1-1: Ball
2-1: Foul Ball, location: 2F
2-2: Strikes out looking
Top of the 2nd over - 1 run(s), 1 hit(s), 0 error(s), 0 left on base; Springfield 1 - Mercer Island 3
BOTTOM OF THE 2ND
Mercer Island Screaming Eagles batting - Pitching for Springfield Shooters : RHP Ken Hughes
Batting: LHB Mike Russell 0-0: Ball
1-0: Ground out 4-3 (Groundball, 4D)
Batting: RHB Lloyd Alberink 0-0: SINGLE (Groundball, 4MD)
Batting: LHB Nelson Plasenia 0-0: Ball
1-0: Ball
Lloyd Alberink steals 2nd base
2-0: Ball
3-0: Base on Balls
Batting: SHB José Salazar 0-0: Fly out, F5 (Popup, 5L)
Batting: SHB Ray Davis 0-0: Called Strike
0-1: Ground out U3 (Groundball, 3L)
Bottom of the 2nd over - 0 run(s), 1 hit(s), 0 error(s), 2 left on base; Springfield 1 - Mercer Island 3
TOP OF THE 3RD
Springfield Shooters batting - Pitching for Mercer Island Screaming Eagles : RHP Marcos López
Batting: SHB Jack Bell 0-0: Swinging Strike
0-1: Foul Ball, location: 2F
0-2: Fly out, F5 (Popup, 5F)
Batting: SHB Albert Santos 0-0: Called Strike
0-1: Ball
1-1: Called Strike
1-2: Ball
2-2: Strikes out swinging
Batting: RHB Ethan Miller 0-0: Swinging Strike
0-1: Called Strike
0-2: Foul Ball, location: 2F
0-2: Ground out 5-3 (Groundball, 5S)
Top of the 3rd over - 0 run(s), 0 hit(s), 0 error(s), 0 left on base; Springfield 1 - Mercer Island 3
BOTTOM OF THE 3RD
Mercer Island Screaming Eagles batting - Pitching for Springfield Shooters : RHP Ken Hughes
Batting: RHB Luis Antonio Hernández 0-0: Ball
1-0: Called Strike
1-1: Ground out 6-3 (Groundball, 6)
Batting: RHB Enrique Echevarría 0-0: Called Strike
0-1: Fly out, F8 (Flyball, 8RS)
Batting: SHB Miguel Pérez 0-0: Called Strike
0-1: Ball
1-1: Called Strike
1-2: Strikes out swinging
Bottom of the 3rd over - 0 run(s), 0 hit(s), 0 error(s), 0 left on base; Springfield 1 - Mercer Island 3
TOP OF THE 4TH
Springfield Shooters batting - Pitching for Mercer Island Screaming Eagles : RHP Marcos López
Batting: RHB José López 0-0: Ball
1-0: Ball
2-0: Ball
3-0: Called Strike
3-1: Called Strike
3-2: Strikes out swinging
Batting: RHB Darrell Terwey 0-0: SINGLE (Flyball, 89S)
Batting: SHB Juan Gil 0-0: Ball
1-0: Ball
2-0: Ball
3-0: Called Strike
3-1: Called Strike
3-2: Strikes out swinging
Batting: LHB Carl Pierce 0-0: Ball
1-0: Ball
2-0: Ball
3-0: Swinging Strike
3-1: Base on Balls
Darrell Terwey to second
Batting: SHB Adrián Pueblo 0-0: Ground out 1-3 (Groundball, 25)
Top of the 4th over - 0 run(s), 1 hit(s), 0 error(s), 2 left on base; Springfield 1 - Mercer Island 3
BOTTOM OF THE 4TH
Mercer Island Screaming Eagles batting - Pitching for Springfield Shooters : RHP Ken Hughes
Batting: RHB Randy Rehling 0-0: Foul Ball, location: 2F
0-1: Ball
1-1: Swinging Strike
1-2: Foul Ball, location: 2F
1-2: Ball
2-2: Ball
3-2: Fly out, F3 (Popup, 3F)
Batting: LHB Mike Russell 0-0: Foul Ball, location: 2F
0-1: Ball
1-1: Swinging Strike
1-2: Ground out 1-3 (Groundball, 23)
Batting: RHB Lloyd Alberink 0-0: Called Strike
0-1: Foul Ball, location: 2F
0-2: Fly out, F7 (Flyball, 7M)
Bottom of the 4th over - 0 run(s), 0 hit(s), 0 error(s), 0 left on base; Springfield 1 - Mercer Island 3
TOP OF THE 5TH
Springfield Shooters batting - Pitching for Mercer Island Screaming Eagles : RHP Marcos López
Batting: LHB Carlton Little 0-0: Ball
1-0: Ground out 4-3 (Groundball, 34)
Batting: SHB Jack Bell 0-0: Ball
1-0: Ball
2-0: Called Strike
2-1: Swinging Strike
2-2: Ball
3-2: Foul Ball, location: 2F
3-2: Base on Balls
Batting: SHB Albert Santos 0-0: SINGLE (Line Drive, 9LS)
Jack Bell to second
Batting: RHB Ethan Miller 0-0: Ball
1-0: Ball
2-0: Ball
3-0: Base on Balls
Jack Bell to third
Albert Santos to second
Batting: RHB José López 0-0: Ball
1-0: Called Strike
1-1: Grounds into fielders choice 1-2 (Groundball, 15S)
Albert Santos to third
Ethan Miller to second
Batting: RHB Darrell Terwey 0-0: Called Strike
0-1: Ball
1-1: Foul Ball, location: 2F
1-2: Foul Ball, location: 2F
1-2: Foul Ball, location: 2F
1-2: SINGLE (Groundball, 5L)
Albert Santos scores
Ethan Miller to third
José López to second
Runner from 3rd tries for Home, SAFE, no throw or cutoff
Batting: SHB Juan Gil 0-0: Reached on Error, E7 (Flyball, 78M)
José López scores
Darrell Terwey to third
Batting: LHB Carl Pierce 0-0: Ball
1-0: Swinging Strike
1-1: Swinging Strike
1-2: Ball
2-2: Ball
3-2: Strikes out swinging
Top of the 5th over - 3 run(s), 2 hit(s), 1 error(s), 2 left on base; Springfield 4 - Mercer Island 3
BOTTOM OF THE 5TH
Mercer Island Screaming Eagles batting - Pitching for Springfield Shooters : RHP Ken Hughes
Batting: LHB Nelson Plasenia 0-0: Swinging Strike
0-1: Ball
1-1: Ball
2-1: SINGLE (Flyball, 8RS)
Batting: SHB José Salazar 0-0: Ball
1-0: Sac Bunt - play at first, batter OUT! 5-4
Nelson Plasenia to second
Batting: SHB Ray Davis 0-0: Foul Ball, location: 2F
0-1: Ball
1-1: Ball
2-1: Ground out 6-3 (Groundball, 6M)
Nelson Plasenia to third
Batting: RHB Luis Antonio Hernández 0-0: Fly out, F7 (Flyball, 7D)
Bottom of the 5th over - 0 run(s), 1 hit(s), 0 error(s), 1 left on base; Springfield 4 - Mercer Island 3
TOP OF THE 6TH
Springfield Shooters batting - Pitching for Mercer Island Screaming Eagles : RHP Marcos López
Batting: SHB Adrián Pueblo 0-0: Called Strike
0-1: Fly out, F7 (Flyball, 78S)
Batting: LHB Carlton Little 0-0: Bunted foul
0-1: Ball
1-1: Foul Ball, location: 2F
1-2: Fly out, F7 (Flyball, 7M)
Batting: SHB Jack Bell 0-0: Ball
1-0: Fly out, F7 (Flyball, 7M)
Top of the 6th over - 0 run(s), 0 hit(s), 0 error(s), 0 left on base; Springfield 4 - Mercer Island 3
BOTTOM OF THE 6TH
Mercer Island Screaming Eagles batting - Pitching for Springfield Shooters : RHP Ken Hughes
Batting: RHB Enrique Echevarría 0-0: Called Strike
0-1: Swinging Strike
0-2: Fly out, F3 (Popup, 3S)
Batting: SHB Miguel Pérez 0-0: Called Strike
0-1: Swinging Strike
0-2: Ball
1-2: Ball
2-2: Foul Ball, location: 2F
2-2: Foul Ball, location: 2F
2-2: Foul Ball, location: 2F
2-2: Ball
3-2: Base on Balls
Batting: RHB Randy Rehling 0-0: Ball
Miguel Pérez steals 2nd base
1-0: Swinging Strike
1-1: Swinging Strike
1-2: Ground out 5-3 (Groundball, 56)
Batting: LHB Mike Russell 0-0: Called Strike
0-1: Ball
1-1: Foul Ball, location: 2F
1-2: DOUBLE (Flyball, 78XD)
Miguel Pérez scores
Batting: RHB Lloyd Alberink 0-0: Ball
1-0: Foul Ball, location: 2F
1-1: Ball
2-1: Ball
3-1: SINGLE (Popup, 3D)
Mike Russell to third
Runner from 3rd tries for Home, SAFE, no throw or cutoff
Batting: LHB Nelson Plasenia 0-0: Ball
1-0: Called Strike
1-1: Foul Ball, location: 2F
1-2: DOUBLE (Line Drive, 7LM)
Lloyd Alberink to third
Runner from 3rd tries for Home, SAFE, no throw or cutoff
Batting: SHB José Salazar 0-0: Ball
1-0: Fly out, F6 (Popup, 6MD)
Bottom of the 6th over - 3 run(s), 3 hit(s), 0 error(s), 1 left on base; Springfield 4 - Mercer Island 6
TOP OF THE 7TH
Springfield Shooters batting - Pitching for Mercer Island Screaming Eagles : RHP Marcos López
Pitching: LHP Tim Harris
Batting: SHB Albert Santos 0-0: Called Strike
0-1: Foul Ball, location: 2F
0-2: Strikes out swinging
Batting: RHB Ethan Miller 0-0: Called Strike
0-1: Swinging Strike
0-2: Strikes out swinging
Batting: RHB José López 0-0: Ball
1-0: Reached on error, E5 (Groundball, 5)
Batting: RHB Darrell Terwey 0-0: Ball
1-0: Ball
2-0: Fielders Choice at 2nd, 5-4 (Groundball, 56)
Top of the 7th over - 0 run(s), 0 hit(s), 1 error(s), 0 left on base; Springfield 4 - Mercer Island 6
BOTTOM OF THE 7TH
Mercer Island Screaming Eagles batting - Pitching for Springfield Shooters : RHP Ken Hughes
Batting: SHB Ray Davis 0-0: Foul Ball, location: 2F
0-1: Foul Ball, location: 2F
0-2: Foul Ball, location: 2F
0-2: Strikes out looking
Batting: RHB Luis Antonio Hernández 0-0: Called Strike
0-1: Swinging Strike
0-2: Foul Ball, location: 2F
0-2: Foul Ball, location: 2F
0-2: Foul Ball, location: 2F
0-2: Ball
1-2: Reached on error, E5 (Groundball, 5)
Batting: RHB Enrique Echevarría 0-0: Ball
1-0: Ball
2-0: Swinging Strike
2-1: SINGLE (Line Drive, 78S)
Luis Antonio Hernández to second
Pitching: RHP Bryce Randolph
Batting: SHB Miguel Pérez 0-0: SINGLE (Line Drive, 89M)
Luis Antonio Hernández to third
Enrique Echevarría to second
Batting: RHB Randy Rehling 0-0: Ball
1-0: Ball
2-0: SINGLE (Groundball, 6MD)
Luis Antonio Hernández scores
Enrique Echevarría to third
Miguel Pérez to second
Runner from 3rd tries for Home, SAFE, throw made at trailing runner, SAFE at third!
Batting: LHB Mike Russell 0-0: Ball
1-0: Called Strike
1-1: Ball
2-1: Ball
3-1: Foul Ball, location: 2F
3-2: Grounds into double play, 4-6-3 (Groundball, 4)
Bottom of the 7th over - 2 run(s), 3 hit(s), 1 error(s), 1 left on base; Springfield 4 - Mercer Island 8
TOP OF THE 8TH
Springfield Shooters batting - Pitching for Mercer Island Screaming Eagles : LHP Tim Harris
Batting: SHB Juan Gil 0-0: Called Strike
0-1: Ground out 5-3 (Groundball, 5S)
Batting: LHB Carl Pierce 0-0: Ground out 6-3 (Groundball, 6M)
Batting: SHB Adrián Pueblo 0-0: Swinging Strike
0-1: Foul Ball, location: 2F
0-2: Ground out 4-3 (Groundball, 4)
Top of the 8th over - 0 run(s), 0 hit(s), 0 error(s), 0 left on base; Springfield 4 - Mercer Island 8
BOTTOM OF THE 8TH
Mercer Island Screaming Eagles batting - Pitching for Springfield Shooters : RHP Bryce Randolph
Batting: RHB Lloyd Alberink 0-0: Foul Ball, location: 2F
0-1: Ball
1-1: SINGLE (Line Drive, 6MD)
Batting: LHB Nelson Plasenia 0-0: Sac Bunt - play at first, batter OUT! 2-3
Lloyd Alberink to second
Batting: SHB José Salazar 0-0: Called Strike
0-1: Ball
1-1: Ball
2-1: Foul Ball, location: 2F
2-2: Ground out 4-3 (Groundball, 4)
Lloyd Alberink to third
Batting: SHB Ray Davis 0-0: Ball
1-0: Ball
2-0: Called Strike
2-1: Ball
3-1: Base on Balls
Batting: RHB Luis Antonio Hernández 0-0: Ball
1-0: Ball
2-0: Swinging Strike
2-1: Reached on error, E5 (Groundball, 5)
Lloyd Alberink scores
Ray Davis to second
Batting: RHB Enrique Echevarría 0-0: SINGLE (Groundball, 56D)
Ray Davis to third
Luis Antonio Hernández to second
Runner from 3rd tries for Home, SAFE, no throw or cutoff
Batting: SHB Miguel Pérez 0-0: Called Strike
0-1: Foul Ball, location: 2F
0-2: Strikes out swinging
Bottom of the 8th over - 2 run(s), 2 hit(s), 1 error(s), 2 left on base; Springfield 4 - Mercer Island 10
TOP OF THE 9TH
Springfield Shooters batting - Pitching for Mercer Island Screaming Eagles : LHP Tim Harris
Batting: LHB Carlton Little 0-0: Swinging Strike
0-1: SOLO HOME RUN (Flyball, 9D), Distance : 375 ft
Batting: SHB Jack Bell 0-0: Called Strike
0-1: Swinging Strike
0-2: Ball
1-2: Foul Ball, location: 2F
1-2: Strikes out swinging
Batting: SHB Albert Santos 0-0: Ball
1-0: Ball
2-0: Called Strike
2-1: Foul Ball, location: 2F
2-2: Strikes out looking
Batting: RHB Ethan Miller 0-0: Ball
1-0: Foul Ball, location: 2F
1-1: Ground out 1-3 (Groundball, 25)
Top of the 9th over - 1 run(s), 1 hit(s), 0 error(s), 0 left on base; Springfield 5 - Mercer Island 10
This league is powered by Out of the Park Baseball, the baseball management simulation game for PC, Mac and Linux
Friday, January 22nd, 2016 - OOTP Baseball 16.9 Build 39